 Dungeon Crawl Stone Soup version 0.25.1-2-g60ff931df9 (webtiles) character file.

Game seed: 3771020700946294270

17974 nicanaca0 the Grappler (level 12, -9/121 HPs)
             Began as a Troll Monk on Sept 30, 2020.
             Was a High Priest of Makhleb.
             Mangled by a nine-headed hydra (11 damage)
             ... on level 1 of the Lair of Beasts on Oct 1, 2020.
             The game lasted 00:34:56 (10571 turns).

nicanaca0 the Grappler (Troll Monk)                Turns: 10571, Time: 00:34:57

Health: -9/121     AC: 15    Str: 24    XL:     12   Next: 23%
Magic:  15/15      EV: 12    Int:  7    God:    Makhleb [*****.]
Gold:   332        SH:  0    Dex: 15    Spells: 11/11 levels left

rFire    . . .     SeeInvis +   a - +0 giant club
rCold    . . .     Gourm    +   (shield currently unavailable)
rNeg     . . .     Faith    .   B - +0 swamp dragon scales
rPois    +         Spirit   .   T - +2 hat {SInv}
rElec    +         Reflect  .   q - +0 cloak
rCorr    +         Harm     .   (gloves unavailable)
MR       .....                  (boots unavailable)
Stlth    +.........             j - amulet of magic regeneration
HPRegen  0.70/turn              o - ring of resist corrosion
MPRegen  0.39/turn              k - +4 ring of slaying

@: no status effects
A: large, unfitting armour, claws 3, rugged brown scales 1, fast metabolism 3,
gourmand, regeneration 1, shaggy fur 1, electricity resistance, strong 1, tough
skin 3
a: Minor Destruction, Lesser Servant of Makhleb, Major Destruction, Greater
Servant of Makhleb, Renounce Religion


You were on level 1 of the Lair of Beasts.
You worshipped Makhleb.
Makhleb was extremely pleased with you.
You were very full.

You visited 2 branches of the dungeon, and saw 12 of its levels.
You also visited: Sewer.

You collected 603 gold pieces.
You spent 271 gold pieces at shops.

Inventory:

Hand Weapons
 a - a +0 giant club (weapon)
 l - a +2 vampiric dagger
 s - a +0 war axe of pain
 u - a +2 whip of freezing
 M - a +1 vorpal war axe
 Q - a +5 great sword
 S - a +0 great mace
Armour
 n - a +1 animal skin
 q - a +0 cloak (worn)
 w - a +1 tower shield
 B - +0 swamp dragon scales (worn)
 F - a +0 kite shield
 P - +0 acid dragon scales
 T - a +2 hat of see invisible (worn)
Jewellery
 j - an amulet of magic regeneration (around neck)
 k - a +4 ring of slaying (right claw)
 o - a ring of resist corrosion (left claw)
 v - an uncursed ring of ice
 I - an uncursed ring of protection from cold
Wands
 y - a wand of paralysis (3)
 E - a wand of digging (7)
 K - a wand of disintegration (9)
Scrolls
 c - 2 scrolls of noise {unknown}
 d - 8 scrolls of teleportation
 e - 4 scrolls of identify
 f - 8 scrolls of remove curse
 h - 4 scrolls of immolation {unknown}
 i - 5 scrolls of enchant armour
 p - a scroll of fear
 x - 4 scrolls of blinking {unknown}
 A - 2 scrolls of vulnerability
 C - a scroll of random uselessness {unknown}
 D - 2 scrolls of summoning
 G - 2 scrolls of enchant weapon
 N - a scroll of amnesia
Potions
 m - 4 potions of heal wounds
 r - 4 potions of curing
 t - 3 potions of cancellation
 z - a potion of haste
 H - a potion of brilliance
 J - a potion of berserk rage
 L - 2 potions of might {unknown}
 R - a potion of lignification
Comestibles
 b - 18 rations


   Skills:
 + Level 7.3 Fighting
 + Level 6.2 Dodging
 - Level 1.0 Stealth
 + Level 7.0 Shields
 * Level 13.8 Unarmed Combat
 + Level 5.4 Invocations


You had 11 spell levels left.
You didn't know any spells.
Your spell library contained the following spells:

 Spells                   Type           Power        Failure   Level  Hunger
 Foxfire                  Conj/Fire      #...         58%         1    ##.....
 Conjure Flame            Conj/Fire      #.......     91%         3    ####...
 Inner Flame              Hex/Fire       #.......     91%         3    ####...
 Sticky Flame             Conj/Fire      #.......     100%        4    #####..
 Fireball                 Conj/Fire      #.........   100%        5    ######.
 Irradiate                Conj/Tmut      #.........   100%        5    ######.
 Hydra Form               Tmut           #.........   100%        6    #######
 Statue Form              Tmut/Erth      #........    100%        6    #######
 Dragon Form              Tmut           #.........   100%        7    #######


Dungeon Overview and Level Annotations

Branches:
Dungeon (11/15)            Temple (0/1) D:4            Lair (1/6) D:10
  Sewer (visited)
    Orc: D:9-12

Altars:
Kikubaaqudgha
Makhleb
Xom

Shops:
D:4 (   D:6 [   D:7 ([%   D:8 [   D:11 [*}**


Innate Abilities, Weirdness & Mutations

You are too large for most types of armour.
You have claws for hands.
Your metabolism is lightning-fast.
You like to eat raw meat.
Your natural rate of healing is unusually fast.
You are covered in fur. (AC +1)
You have extremely tough skin. (AC +3)
You are partially covered in rugged brown scales. (AC +1, +3% HP)
You are resistant to electric shocks. (rElec)
Your muscles are strong. (Str +2)


Message History

The nine-headed hydra bites you! The nine-headed hydra bites you. x2
The nine-headed hydra barely misses you.
The nine-headed hydra bites you!
* * * LOW HITPOINT WARNING * * *
You sock the nine-headed hydra!
The nine-headed hydra is heavily wounded.
The nine-headed hydra bites you!
* * * LOW HITPOINT WARNING * * *
The nine-headed hydra misses you.
The nine-headed hydra bites you but does no damage. x4
The nine-headed hydra bites you!
* * * LOW HITPOINT WARNING * * *
The nine-headed hydra bites you.
* * * LOW HITPOINT WARNING * * *
The nine-headed hydra bites you!
* * * LOW HITPOINT WARNING * * *
The nine-headed hydra closely misses you.
The nine-headed hydra bites you but does no damage.
The nine-headed hydra bites you!
You die...

#....######..........#.)†.#.#.
#....#.##............P.##.#.#.
#.........#..........P.##.#.#.
#....#####.............##.#.##
###.## ##..........#.##..... #.##
###..##.########.#'# #..#
##.##### ###.# ##.# #.D## #..
#.## ##@.# ##. ##..# ##.# #..
###.'## #####'####### ##.#
####.....# ##.##........### #..♣
...'.....###...'........#.####...
####.....+....##........'..#.....
#...[..######.........##.#.....
##P.'.## ##........###......
###..## ##+.#.#####....#..


You could see a nine-headed hydra.

Vanquished Creatures
  Gastronok (Lair:1)
  A two-headed ogre (D:8)
  A skeletal warrior (D:10)
  An unseen horror (D:11)
  Pikel (D:3)
  A slime creature (D:7)
  A black mamba (Lair:1)
  A kobold demonologist (D:11)
  Maggie (D:9)
  A komodo dragon (D:10)
  2 trolls (D:9)
  Prince Ribbit (D:6)
  A hippogriff (Lair:1)
  A wyvern (D:10)
  23 yaks
  2 hungry ghosts (D:11)
  A steam dragon (D:10)
  2 acid dragons (D:11)
  4 water moccasins
  3 orc warriors
  2 porcupines (Lair:1)
  3 black bears
  3 phantoms
  An eye of draining (D:9)
  An ice beast (D:6)
  6 ogres
  2 necrophages (D:6)
  3 centaurs
  3 crocodiles (Lair:1)
  8 bullfrogs
  11 big kobolds
  4 scorpions
  4 killer bees (D:9)
  6 wights
  5 howler monkeys
  5 crimson imps
  2 centaur zombies
  3 bullfrog zombies
  6 jellies
  12 orc wizards
  Crazy Yiuf (D:2)
  5 orc priests
  4 hounds
  5 centaur skeletons
  3 iguanas
  2 worker ants
  A killer bee zombie (D:8)
  Robin (D:2)
  A howler monkey zombie (D:6)
  A worker ant zombie (D:9)
  16 adders
  2 river rats (Sewer)
  3 shadow imps
  9 oozes
  An adder zombie (D:8)
  An adder skeleton (D:9)
  7 worms
  2 dart slugs
  4 leopard geckos
  40 orcs
  7 ball pythons
  8 bats
  5 giant cockroaches
  16 goblins
  7 hobgoblins
  27 jackals
  5 quokkas
  7 frilled lizards
  20 kobolds
  2 leopard gecko skeletons
  12 rats
  A bush (Lair:1)
366 creatures vanquished.

Vanquished Creatures (collateral kills)
  A skeletal warrior (D:11)
  A bullfrog (D:11)
2 creatures vanquished.

Vanquished Creatures (others)
  2 slaves (D:4)
  A human (D:4)
  A bullfrog skeleton (D:4)
  4 jackals (D:4)
  A frilled lizard (D:4)
  A quokka skeleton (D:4)
  2 fungi
  A plant (D:10)
  15 toadstools (D:7)
28 creatures vanquished.

Grand Total: 396 creatures vanquished

Notes
Turn   | Place    | Note
-------+----------+-------------------------------------------
     0 | D:1      | nicanaca0 the Troll Monk began the quest for the Orb.
     0 | D:1      | Reached XP level 1. HP: 22/22 MP: 0/0
    68 | D:1      | Reached XP level 2. HP: 29/29 MP: 1/1
   513 | D:1      | Reached XP level 3. HP: 36/36 MP: 2/2
   734 | D:2      | Reached skill level 4 in Unarmed Combat
  1025 | D:2      | Reached XP level 4. HP: 41/45 MP: 3/3
  1077 | D:2      | Noticed Robin
  1126 | D:2      | Killed Robin
  1530 | D:2      | Reached XP level 5. HP: 53/53 MP: 4/4
  1721 | D:2      | Found a runed translucent door.
  1722 | D:2      | Noticed Crazy Yiuf
  1729 | D:2      | Killed Crazy Yiuf
  1729 | D:2      | Reached skill level 5 in Unarmed Combat
  2638 | D:4      | Noticed a slave
  2639 | D:4      | Noticed a slave
  2642 | D:4      | Noticed Pikel
  2645 | D:4      | Noticed a slave
  2647 | D:4      | Noticed a slave
  2657 | D:3      | Killed Pikel
  2657 | D:3      | Reached skill level 6 in Unarmed Combat
  2657 | D:3      | Reached XP level 6. HP: 55/62 MP: 5/5
  2657 | D:3      | Reached XP level 7. HP: 62/70 MP: 6/6
  2722 | D:4      | HP: 3/105 [orc priest/divine providence (14)]
  2723 | D:4      | Gained mutation: You are resistant to electric shocks.
                  | (rElec) [potion of mutation]
  2723 | D:4      | Gained mutation: Your muscles are strong. (Str +2) [potion
                  | of mutation]
  2723 | D:4      | Gained mutation: You are partially covered in rugged brown
                  | scales. (AC +1, +3% HP) [potion of mutation]
  2848 | D:4      | Found an ancient bone altar of Kikubaaqudgha.
  2853 | D:4      | Noticed a human
  2854 | D:4      | Killed a human
  2921 | D:4      | Found Byunehuewk's Antique Weapon Emporium.
  2957 | D:4      | Reached skill level 7 in Unarmed Combat
  3077 | D:4      | Reached XP level 8. HP: 73/81 MP: 7/7
  3296 | D:4      | Found a staircase to the Ecumenical Temple.
  3549 | D:5      | Entered Level 5 of the Dungeon
  3560 | D:5      | Found a burning altar of Makhleb.
  3563 | D:5      | Became a worshipper of Makhleb the Destroyer
  3563 | D:5      | Reached * piety under Makhleb
  3563 | D:5      | Reached ** piety under Makhleb
  4133 | D:5      | Found a glowing drain.
  4137 | Sewer    | Entered a sewer
  4165 | Sewer    | Reached skill level 8 in Unarmed Combat
  4220 | Sewer    | Reached skill level 5 in Fighting
  4252 | Sewer    | Reached skill level 1 in Shields
  4423 | Sewer    | Reached skill level 5 in Dodging
  4545 | Sewer    | Reached *** piety under Makhleb
  4598 | Sewer    | Reached skill level 9 in Unarmed Combat
  4744 | D:6      | Found Nemaczoal's Antique Armour Shop.
  4799 | D:6      | Reached XP level 9. HP: 86/90 MP: 8/8
  5362 | D:6      | Reached skill level 10 in Unarmed Combat
  5564 | D:7      | Noticed Prince Ribbit
  5569 | D:6      | Killed Prince Ribbit
  5644 | D:7      | Found Orphesus's Food Emporium.
  5692 | D:7      | Reached **** piety under Makhleb
  5694 | D:7      | Found Nieteski's Weapon Shoppe.
  5937 | D:7      | Killed a large slime creature
  5937 | D:7      | Reached skill level 11 in Unarmed Combat
  6207 | D:7      | Found Netedgh's Antique Armour Shoppe.
  6212 | D:7      | Bought a runed robe for 111 gold pieces
  6335 | D:8      | Reached XP level 10. HP: 97/97 MP: 9/9
  6419 | D:8      | Noticed a two-headed ogre
  6434 | D:8      | Killed a two-headed ogre
  6434 | D:8      | Reached skill level 1 in Invocations
  6729 | D:8      | Found Xikisis's Armour Shop.
  6742 | D:8      | Reached skill level 5 in Shields
  7215 | D:9      | Noticed Maggie
  7238 | D:9      | Killed Maggie
  7315 | D:9      | Reached skill level 12 in Unarmed Combat
  7501 | D:9      | Reached ***** piety under Makhleb
  7882 | D:9      | Reached XP level 11. HP: 104/107 MP: 12/12
  8177 | D:10     | Entered Level 10 of the Dungeon
  8531 | D:10     | Found a staircase to the Lair.
  8961 | D:11     | Noticed a skeletal warrior
  8964 | D:11     | Noticed a skeletal warrior
  8964 | D:11     | Noticed a skeletal warrior
  8971 | D:11     | Noticed a skeletal warrior
  8976 | D:11     | Killed a skeletal warrior
  9098 | D:11     | Found Duud's Assorted Antiques.
  9103 | D:11     | Bought a twisted opal ring for 160 gold pieces
  9139 | D:11     | Reached skill level 13 in Unarmed Combat
  9157 | D:11     | Found a shimmering altar of Xom.
  9221 | D:11     | Found Igowa's Assorted Antiques.
  9277 | D:11     | Found Vostirep's Armour Shoppe.
  9352 | D:11     | Found Zueqell's Gadget Shop.
  9388 | D:11     | Found Qaziat's General Store.
  9605 | D:10     | Killed a skeletal warrior
  9665 | D:11     | Killed an unseen horror
  9665 | D:11     | Reached skill level 5 in Invocations
  9786 | Lair:1   | Entered Level 1 of the Lair of Beasts
  9904 | Lair:1   | Reached XP level 12. HP: 121/121 MP: 14/14
 10144 | Lair:1   | Noticed Gastronok
 10158 | Lair:1   | Killed Gastronok
 10385 | Lair:1   | Noticed an eight-headed hydra
 10389 | Lair:1   | HP: 5/121 [nine-headed hydra (7)]
 10571 | Lair:1   | HP: 2/121 [nine-headed hydra (8)]
 10571 | Lair:1   | Mangled by a nine-headed hydra

Illustrated notes

Levels and vault maps discovered:
D:1:      dpeg_arrival_long_road, layout_basic
D:2:      layout_loops_ring, uniq_crazy_yiuf_cottage, uniq_robin
D:3:      layout_basic
D:4:      layout_cave_pods, temple_green, serial_shops, kennysheep_mini,
          minmay_misc_feat_x, tgw_kikubaaqudgha, uniq_pikel
D:5:      layout_basic, lemuel_doored_altar, gup_sewer_entry_bowl, first_ration
D:6:      layout_basic, serial_shops, shop
D:7:      cheibrodos_fertilizer, layout_cave_pools, serial_shops, shop, shop,
          kennysheep_little_box, uniq_prince_ribbit1
D:8:      layout_basic, serial_shops, nicolae_shop_behind_doors
D:9:      layout_basic, uniq_maggie
D:10:     layout_roguey, david_lair_shrubbed
D:11:     layout_rooms, basic_altar, serial_shops, shop,
          nicolae_shop_behind_doors, shop, nicolae_shop_stone, shop
Lair:1:   layout_roguey, grunt_megastairs_5, uniq_gastronok

Skill      XL: |  1  2  3  4  5  6  7  8  9 10 11 12 |
---------------+-------------------------------------+-----
Unarmed Combat | 4 6 7 9 11 12 13 | 13.8
Fighting       | 3 4 5 6 7 |  7.3
Dodging        | 3 4 5 6 |  6.2
Shields        | 2 4 5 6 7 |  7.0
Invocations    | 3 5 |  5.4
Stealth        | |  1.0

Action                   |  1- 3 |  4- 6 |  7- 9 | 10-12 || total
-------------------------+-------+-------+-------+-------++-------
Melee: Unarmed           |   127 |   177 |   314 |   471 ||  1089
       Punch             |     1 |     2 |     4 |     3 ||    10
       Giant club        |       |       |       |     3 ||     3
Throw: Large rock        |       |       |       |     2 ||     2
Invok: Minor Destruction |       |       |     3 |     3 ||     6
       Lesser Servant of |       |       |       |     4 ||     4
       Major Destruction |       |       |       |     1 ||     1
Evoke: Wand              |       |       |       |     4 ||     4
  Use: Potion            |       |     1 |     5 |     1 ||     7
       Scroll            |       |       |     7 |    12 ||    19
 Stab: Sleeping          |     2 |     3 |     6 |       ||    11
       Distracted        |     1 |       |       |       ||     1
       Invisible         |       |       |     2 |       ||     2
  Eat: Chunk             |    15 |    15 |    35 |    44 ||   109
Armor: Robe              |    41 |    15 |       |       ||    56
       Animal skin       |       |    71 |    65 |    25 ||   161
       Skin              |       |       |     6 |       ||     6
       Swamp dragon scal |       |       |       |   111 ||   111
Dodge: Dodged            |    60 |   116 |    82 |   114 ||   372
Block: Tower shield      |       |       |   133 |    72 ||   205
       Kite shield       |       |       |       |   132 ||   132
